AoeStats
← EdgarCarrito

Arena

508965221Analyzed
2v2 RM · 7d ago on Sep 24, 2026· 48m 55s· 4 players
Game mode
Random Map
Map size
Medium (4 player)
Population
200
Speed
Normal
Resources
Standard
Victory
Conquest
Starting age
Dark Age
Ending age
Imperial Age
RankedLock teamsTeams togetherTeam positionsShared explorationLock speedFull tech treeHidden civsTurbo modeCheats
Victory
Defeat
🇨🇴 Persians · Colombia
625
+13
🇺🇸 Chinese · United States
526
+16
🇩🇪 Bohemians · Germany
558
-15
🇩🇪 Persians · Germany
540
-14
[SN4CKTiCS].DEBO
0:56 Loom
11:33 Feudal Age
12:28 Double-Bit Axe
13:16 Horse Collar
16:32 Wheelbarrow
24:19 Castle Age
22:45 Arson
24:13 Padded Archer Armor
24:03 Fletching
24:24 Forging
24:15 Scale Mail Armor
24:21 Scale Barding Armor
25:24 Bow Saw
25:18 Heavy Plow
26:08 Hand Cart
26:08 Crossbowman
26:11 Elite Skirmisher
28:08 Squires
34:16 Leather Archer Armor
33:57 Bodkin Arrow
34:38 Iron Casting
34:19 Chain Mail Armor
34:25 Chain Barding Armor
36:03 Chemistry
35:14 Fortified Wall
35:00 Murder Holes
35:27 Ballistics
34:36 Pikeman
40:02 Imperial Age
38:32 Masonry
38:28 Siphons
40:33 Arrowslits
41:18 Architecture
40:58 Siege Engineers
40:56 Arbalester
42:26 Ring Archer Armor
42:26 Plate Mail Armor
43:13 Hussite Reforms
43:14 Wagenburg Tactics
42:40 Sappers
43:30 Conscription
45:10 Elite Hussite Wagon
47:12 Halberdier
henkong
2:17 Loom
11:33 Feudal Age
15:11 Wheelbarrow
18:06 Horse Collar
21:43 Castle Age
21:59 Forging
21:40 Double-Bit Axe
25:42 Pikeman
27:51 Hand Cart
28:32 Arson
30:18 Kamandaran
31:25 Bow Saw
31:28 Stone Mining
31:29 Gold Mining
31:17 Crossbowman
32:03 Thumb Ring
36:39 Imperial Age
33:58 Town Watch
34:59 Bloodlines
34:51 Husbandry
35:00 Scale Mail Armor
35:23 Heavy Plow
37:45 Iron Casting
37:11 Padded Archer Armor
37:26 Chain Mail Armor
37:17 Scale Barding Armor
37:03 Fletching
38:25 Crop Rotation
37:59 Town Patrol
37:27 Cavalier
38:52 Gold Shaft Mining
38:48 Halberdier
39:54 Squires
39:40 Gambesons
40:35 Citadels
41:16 Plate Mail Armor
40:54 Heated Shot
41:25 Ballistics
42:30 Savar
THATgoogoo88
12:09 Feudal Age
13:30 Wheelbarrow
13:15 Gold Mining
23:05 Castle Age
21:56 Horse Collar
22:04 Double-Bit Axe
22:59 Arson
25:03 Stone Mining
25:46 Bow Saw
29:06 Stone Shaft Mining
30:48 Gold Shaft Mining
38:20 Imperial Age
37:20 Padded Archer Armor
37:11 Fletching
37:23 Scale Mail Armor
39:24 Heavy Rocket Cart
40:39 Conscription
41:09 Bodkin Arrow
41:14 Town Watch
43:55 Two-Man Saw
44:17 Bracer
44:33 Leather Archer Armor
48:28 Elite Chu Ko Nu
EdgarCarrito
11:10 Feudal Age
15:50 Castle Age
17:00 Fervor
28:42 Double-Bit Axe
29:43 Bow Saw
32:59 Imperial Age
31:07 Wheelbarrow
30:41 Horse Collar
32:14 Hand Cart
32:13 Heavy Plow
32:25 Gold Mining
33:05 Elite War Elephant
34:08 Conscription
34:51 Kamandaran
35:59 Gold Shaft Mining
36:30 Two-Man Saw
36:04 Crop Rotation
36:00 Scale Barding Armor
36:06 Forging
37:01 Chain Barding Armor
38:12 Iron Casting
39:10 Devotion
39:53 Plate Barding Armor
39:28 Husbandry
39:48 Bloodlines
40:59 Blast Furnace
40:01 Padded Archer Armor
39:51 Fletching
40:33 Thumb Ring
39:48 Crossbowman
42:47 Chemistry
41:42 Murder Holes
42:08 Ballistics
43:47 Leather Archer Armor
45:50 Ring Archer Armor
45:16 Bodkin Arrow
48:19 Faith
Connection lost

Rejoining the realm…

Still unreachable

The connection could not be restored.

Session expired

The server has moved on; the page needs a fresh start.